Map: 레드쉬프트 - 래더

Players

TRUE

  • Race: Zerg Zerg
  • Spawn Location: 7:00

DnS - Winner!

  • Race: Protoss Protoss
  • Spawn Location: 11:00

Event: WCS Valencia 2018

VOD

Have the link to the VOD?

Description

Time

  • Played on: July 12, 2018, 2:08 p.m.
  • Length: 8:49

All games in this series

Show
View Real Time Build Order
Export as new Build Order

TRUE Zerg 

Build Orders: Hatch First 

Get SALT Encoding   

  12  0:00  Drone  
  13  0:12  Overlord  
  13  0:16  Drone  
  14  0:31  Drone  
  15  0:43  Hatchery  
  15  0:47  Drone  
  15  0:51  Drone  
  15  0:56  Drone  
  17  1:09  Spawning Pool  
  16  1:12  Drone  
  16  1:16  Extractor  
  16  1:18  Drone  
  17  1:20  Drone  
  18  1:30  Drone  
  19  1:42  Overlord  
  19  1:56  Queen x2  
  19  2:00  Drone x2  
  25  2:03  Drone  
  25  2:06  Zergling x2  
  27  2:14  Drone  
  28  2:17  Drone  
  29  2:30  Hatchery  
  29  2:35  Queen  
  30  2:38  Drone  
  30  2:40  Drone  
  33  2:44  Drone  
  33  2:45  Drone  
  33  2:50  Overlord  
  34  2:54  Drone  
  34  2:56  Drone  
  36  2:59  Metabolic Boost  
  36  3:10  Drone x2  
  38  3:13  Drone  
  39  3:20  Spore Crawler  
  39  3:23  Spore Crawler  
  39  3:24  Drone x2  
  39  3:28  Queen  
  39  3:33  Overlord  
  43  3:35  Overlord  
  43  3:40  Overlord  
  43  3:41  Queen  
  43  3:42  Drone x3  
  43  3:47  Overlord  
  43  3:48  Drone x2  
  46  3:49  Drone  
  46  3:51  Drone  
  46  3:53  Drone  
  49  3:56  Drone  
  49  3:58  Evolution Chamber, Drone  
  50  4:04  Queen  
  50  4:05  Drone  
  50  4:08  Drone  
  50  4:09  Drone  
  55  4:13  Drone x2  
  55  4:14  Drone  
  55  4:15  Drone  
  59  4:19  Queen  
  59  4:21  Drone  
  59  4:23  Drone  
  64  4:24  Drone  
  64  4:25  Drone  
  64  4:26  Drone  
  64  4:27  Drone  
  68  4:31  Drone  
  68  4:35  Overlord  
  68  4:36  Drone  
  69  4:39  Queen  
  69  4:41  Zerg Melee Weapons Level 1  
  69  4:43  Overlord  
  69  4:44  Drone  
  72  4:47  Overlord  
  67  4:53  Drone x5  
  67  4:59  Drone x2  
  70  5:03  Baneling Nest  
  70  5:04  Extractor  
  70  5:05  Zergling x4  
  70  5:06  Zergling x2  
  71  5:07  Zergling x2  
  71  5:09  Zergling x2  
  71  5:10  Zergling x4  
  71  5:12  Zergling x2  
  71  5:13  Zergling x2  
  71  5:14  Zergling x2  
  78  5:15  Zergling x2  
  78  5:19  Zergling x2  
  74  5:25  Zergling x2  
  74  5:33  Drone x2  
  74  5:34  Drone x2  
  74  5:35  Drone  
  78  5:37  Drone  
  78  5:39  Drone x2  
  78  5:41  Drone  
  82  5:43  Drone x2  
  82  5:47  Drone x2  
  86  5:55  Lair  
  86  5:57  Drone x2, Roach Warren  
  85  6:00  Extractor, Drone x2  
  85  6:01  Extractor  
  85  6:02  Drone  
  88  6:05  Zergling x4  
  88  6:06  Zergling x2  
  88  6:07  Zergling x2  
  88  6:08  Zergling x2  
  88  6:09  Zergling x2  
  88  6:10  Zergling x2  
  95  6:12  Zergling x2  
  95  6:13  Zergling x2  
  95  6:17  Baneling x7  
  95  6:18  Zergling x4  
  95  6:19  Zergling x4  
  95  6:21  Zergling x4  
  95  6:22  Zergling x2  
  95  6:23  Zergling x2  
  92  6:28  Zergling x2  
  92  6:32  Zergling x2  
  85  6:34  Zergling x2  
  85  6:37  Zergling x4  
  85  6:39  Zergling x6  
  82  6:40  Zergling x4  
  82  6:45  Zergling x2  
  83  6:49  Zergling x2  
  83  6:50  Zergling x6  
  83  6:51  Zergling x2  
  83  6:52  Zerg Missile Weapons Level 1  
  88  6:54  Zergling x2  
  89  7:08  Roach Warren  
  87  7:11  Overlord  
  87  7:13  Zergling x4  
  87  7:14  Zergling x16  
  87  7:15  Zergling x2, Baneling x5  
  97  7:21  Baneling x2  
  97  7:22  Baneling x7  
  97  7:24  Zergling x2  
  97  7:28  Overlord  
  98  7:30  Overlord  
  98  7:33  Burrow  
  98  7:34  Zergling x4, Baneling  
  98  7:35  Zergling x2  
  98  7:36  Zergling x2  
  100  7:38  Zergling x2  
  100  7:39  Zergling x2  
  100  7:41  Zergling x2  
  100  7:43  Zergling x6  
  100  7:44  Zergling x2  
  100  7:46  Zergling x2  
  100  7:48  Zergling x2  
  88  7:52  Zergling x2  
  88  7:53  Zergling x2  
  88  7:54  Baneling  
  88  7:55  Baneling  
  88  7:56  Baneling x3  
  88  7:57  Zergling x2  
  86  8:00  Baneling  
  86  8:01  Baneling x2  
  86  8:02  Baneling x2  
  86  8:03  Zergling x6  
  86  8:04  Zergling x2  
  86  8:07  Zergling x6  
  86  8:08  Zergling x2  
  86  8:09  Zergling x2  
  78  8:13  Zergling x2  
  78  8:14  Baneling  
  78  8:15  Baneling x4  
  78  8:18  Zergling x4  
  79  8:21  Zergling x2  
  79  8:23  Zergling x2  
  79  8:25  Zergling x2  
  77  8:28  Zergling x2  
Show
View Real Time Build Order
Export as new Build Order

DnS Protoss - Winner!

Build Orders: 1 Gate Expand, Oracle Opening 

Get SALT Encoding   

  12  0:00  Probe  
  13  0:12  Probe  
  14  0:20  Pylon  
  14  0:24  Probe  
  15  0:34  Probe  
  15  0:42  Gateway, Probe  
  16  0:49  Assimilator  
  17  0:52  Probe  
  18  1:04  Probe  
  19  1:17  Probe  
  20  1:24  Nexus  
  20  1:31  Cybernetics Core  
  20  1:35  Probe  
  20  1:39  Assimilator  
  21  1:47  Probe  
  21  1:49  Pylon  
  22  1:58  Adept  
  22  1:59  Probe  
  25  2:11  Probe  
  25  2:14  Stargate  
  26  2:20  Probe  
  26  2:27  Adept  
  26  2:28  Probe  
  29  2:30  Warp Gate  
  29  2:32  Probe  
  31  2:38  Probe  
  31  2:40  Probe  
  32  2:50  Probe x2  
  34  2:51  Oracle  
  35  3:02  Probe x2  
  40  3:07  Stalker  
  40  3:08  Gateway  
  42  3:14  Probe x2  
  44  3:26  Probe x2  
  44  3:30  Pylon  
  44  3:31  Gateway  
  44  3:35  Assimilator  
  44  3:45  Probe  
  44  3:46  Probe  
  44  3:48  Oracle  
  49  3:51  Adept, Pylon  
  51  3:55  Twilight Council  
  51  3:58  Probe  
  51  4:01  Adept  
  54  4:05  Gateway  
  54  4:07  Gateway  
  54  4:12  Gateway  
  54  4:13  Resonating Glaives  
  54  4:14  Probe x2  
  56  4:18  Pylon  
  56  4:24  Assimilator  
  56  4:26  Probe  
  56  4:27  Probe  
  58  4:36  Adept x3  
  64  4:39  Pylon  
  64  4:43  Probe  
  64  4:45  Probe  
  66  4:48  Pylon  
  60  5:08  Adept x5  
  60  5:09  Adept  
  72  5:23  Pylon  
  72  5:32  Adept x5  
  72  5:33  Adept  
  80  5:41  Robotics Facility  
  80  5:53  Sentry x3  
  80  5:54  Adept x2  
  80  5:56  Adept  
  91  6:13  Nexus  
  91  6:14  Pylon  
  91  6:21  Warp Prism  
  91  6:24  Pylon  
  85  6:35  Sentry x3, Adept  
  85  6:36  Adept x2  
  85  6:39  Gateway  
  81  6:43  Gateway  
  77  6:49  Shield Battery  
  73  6:57  Adept x2  
  73  6:58  Adept x3  
  83  7:01  Adept  
  83  7:26  Adept x6  
  95  7:32  Pylon  
  95  7:43  Adept x2  
  92  7:53  Adept x3  
  92  7:54  Adept x3  
  92  7:58  Pylon  
  100  7:59  Pylon  
  88  8:21  Adept x5  
  88  8:22  Adept x2  
  100  8:30  Adept  
  92  8:44  Adept x6  
Tags
 
Add a new tag
Caveats
  • Supply blocks, unpowered buildings, or Contaminate may cause inaccurate times.
  • Supply counts are checked every 10 seconds.